 Dungeon Crawl Stone Soup version 0.31-a0-1598-g94871bc (webtiles) character file.

Game seed: 8377200360970598510

2 danspanner the Conjurer (level 1, 0/11 HPs)
             Began as an Octopode Conjurer on Jan 7, 2024.
             Constricted to death by a ball python (1 damage)
             ... on level 1 of the Dungeon.
             The game lasted 00:00:26 (106 turns).

danspanner the Conjurer (Octopode Conjurer)          Turns: 106, Time: 00:00:27

Health: 0/11       AC:  1    Str:  6    XL:     1   Next: 40%
Magic:  1/3        EV: 10    Int: 20    God:
Gold:   24         SH:  0    Dex: 10    Spells: 3/4 levels left

rFire   . . .        (no weapon)
rCold   . . .        (no shield)
rNeg    . . .        (helmet restricted)
rPois   .            (no amulet)
rElec   .            (no ring)
rCorr   .            (no ring)
SInv    .            (no ring)
Will    .....        (no ring)
Stlth   +++          (no ring)
HPRegen 0.21/turn    (no ring)
MPRegen 0.08/turn    (no ring)
                     (no ring)

%: no passive effects
@: constricted
A: almost no armour, amphibious, 8 rings, camouflage 1, gelatinous body 1,
(nimble swimmer 1), tentacles
a: no special abilities


You were on level 1 of the Dungeon.
You visited 1 branch of the dungeon, and saw 1 of its levels.

You collected 24 gold pieces.

Inventory:

Potions
 a - a potion of magic


   Skills:
 + Level 2.0 Dodging
 + Level 2.8 Stealth
 + Level 2.0 Spellcasting
 + Level 4.0 Conjurations


You had 3 spell levels left.
You knew the following spells:

 Your Spells              Type           Power      Damage    Failure   Level
a - Magic Dart            Conj           72%        1d6       3%          1

Your spell library contained the following spells:

 Spells                   Type           Power      Damage    Failure   Level
 Searing Ray              Conj           36%        2d5       4%          2
 Fulminant Prism          Conj/Alch      5%         3d7       56%         4
 Iskenderun's Mystic Bla  Conj/Tloc      10%        2d4       56%         4


Dungeon Overview and Level Annotations

Branches:
Dungeon (1/15)

Altars:


Innate Abilities, Weirdness & Mutations

You cannot wear most types of armour.
You are amphibious.
You can wear up to eight rings at the same time.
Your skin changes colour to match your surroundings (Stealth+).
Your rubbery body absorbs attacks. (AC +1, EV +1)
((You are camouflaged when in or above water. (Stealth+)))
You have tentacles for arms and can constrict up to eight enemies at once.


Message History

You miss the bat. Your grab misses the bat.
The bat is severely wounded.
The hobgoblin shouts!
You hear a shout!
The bat closely misses you. The bat misses you.
You tentacle-slap the bat. Your grab misses the bat.
The bat is severely wounded.
The bat hits you.
You barely miss the bat. Your grab misses the bat.
The bat is heavily wounded.
The bat barely misses you. The bat barely misses you.
The bat attacks as it pursues you! The bat hits you but does no damage.
The bat barely misses you. The bat misses you.
The ball python attacks as it pursues you!
The ball python bites you. The ball python grabs you.
The ball python constricts you.
You escape the ball python's grasp.
The bat barely misses you. The ball python bites you.
The ball python grabs you. The ball python constricts you.
You escape the ball python's grasp.
The bat hits you.
You miss the bat. Your grab misses the bat.
The bat is moderately wounded.
The bat barely misses you. The frilled lizard bites you.
* * * LOW HITPOINT WARNING * * *
The ball python completely misses you. The ball python grabs you.
The ball python constricts you.
* * * LOW HITPOINT WARNING * * *
You barely miss the bat. You grab the bat. You squeeze the bat.
The bat is heavily wounded.
You constrict the bat. The bat closely misses you.
The bat escapes!
The frilled lizard barely misses you. The ball python barely misses you.
The ball python constricts you.
* * * LOW HITPOINT WARNING * * *
You closely miss the bat. You grab the bat. You squeeze the bat.
You kill the bat!
The frilled lizard completely misses you.
The ball python closely misses you. The ball python constricts you.
You die...

#...........#
####.........#
.............###
....#.........# ...
#.........####... .
#................
#................
#...glS.......#..
#.....@............#
#....[†##..........#
#######.##..........#
#........'.>........#
#.......##..........#
#.[.....##..........#
#.......##..........#
#.......##..........#
#.......##..........#


You could see a hobgoblin, a ball python and a frilled lizard.

Vanquished Creatures
  A ball python (D:1)
  2 bats (D:1)
  A frilled lizard (D:1)
4 creatures vanquished.

Notes
Turn   | Place    | Note
-------+----------+-------------------------------------------
     0 | D:1      | danspanner the Octopode Conjurer began the quest for the
                  | Orb.
     0 | D:1      | Reached XP level 1. HP: 11/11 MP: 3/3
   106 | D:1      | Constricted to death by a ball python

Illustrated notes

Levels and vault maps discovered:
D:1:      amcnicky_arrival_flooded_fountain, layout_basic

Action                     || total
---------------------------++-------
  Melee: Unarmed           ||     8
         Constrict         ||     2
         Tentacles         ||     2
   Cast: Magic Dart        ||     6
 Armour: Skin              ||     9
  Dodge: Dodged            ||    19

Table legend: (Time is in decaauts)
 A = Elapsed time spent in this place.
 B = Non-inter-level travel time spent in this place.
 C = Inter-level travel time spent in this place.
 D = Time resting spent in this place.
 E = Time spent auto-exploring this place.
 F = Levels seen in this place.
 G = Mean time per level.
                   A        B        C        D        E       F      G
               +--------+--------+--------+--------+--------+-----+--------+
         Total |    106 |    106 |      0 |      0 |     75 |   1 |  106.0 |
       Dungeon |    106 |    106 |      0 |      0 |     75 |   1 |  106.0 |
               +--------+--------+--------+--------+--------+-----+--------+

Top non-repeatable levels by time:
     D:1: 106 daAuts
